 Dungeon Crawl Stone Soup version 0.24.0-13-gcf9b319 (webtiles) character file.

Game seed: 12639374987887764018, levelgen mode: deterministic

137 Bronimir the Magician (level 5, 0/28 HPs)
             Began as a Deep Elf Ice Elementalist on Apr 13, 2020.
             Slain by a gnoll
             ... wielding a +0 spear
              (5 damage)
             ... on level 3 of the Dungeon.
             The game lasted 00:06:19 (2861 turns).

Bronimir the Magician (Deep Elf Ice Elementalist)   Turns: 2861, Time: 00:06:20

Health: 0/28       AC:  2    Str:  5    XL:     5   Next: 0%
Magic:  9/13       EV: 13    Int: 21    God:
Gold:   124        SH:  0    Dex: 15    Spells: 3/13 levels left

rFire    . . .     SeeInvis .   a - +0 quarterstaff
rCold    . . .     Gourm    .   (shield currently unavailable)
rNeg     . . .     Faith    .   r - +0 robe (curse)
rPois    .         Spirit   .   (no helmet)
rElec    .         Reflect  .   (no cloak)
rCorr    .         Harm     .   (no gloves)
MR       .....                  (no boots)
Stlth    ++........             (no amulet)
HPRegen  0.09/turn              (no ring)
MPRegen  0.13/turn              (no ring)

@: no status effects
A: no striking features
a: no special abilities


You were on level 3 of the Dungeon.
You were hungry.

You visited 1 branch of the dungeon, and saw 3 of its levels.

You collected 124 gold pieces.

Inventory:

Hand Weapons
 a - a +0 quarterstaff (weapon)
 b - a +0 hunting sling
 j - a +0 club
 x - a +0 dagger
Missiles
 d - 65 stones (quivered)
 k - 8 poisoned darts
 p - 49 bolts
 z - 15 arrows
Armour
 l - a +0 robe
 r - a cursed +0 robe (worn)
Jewellery
 n - an uncursed ring of positive energy {unknown}
 o - an uncursed ring of stealth {unknown}
 t - an uncursed amulet of regeneration {unknown}
Wands
 v - a wand of paralysis (7)
Scrolls
 f - 2 scrolls of fear {unknown}
 g - 3 scrolls of immolation {unknown}
 h - 2 scrolls of teleportation {unknown}
 s - 2 scrolls of enchant armour {unknown}
 u - a scroll of remove curse {unknown}
 y - a scroll of identify {unknown}
Potions
 e - 2 potions of berserk rage {unknown}
 i - a potion of might {unknown}
 m - 3 potions of curing {unknown}
 q - a potion of resistance {unknown}
Comestibles
 c - 7 rations


   Skills:
 * Level 1.5 Armour
 * Level 3.0 Dodging
 - Level 2.4 Stealth
 * Level 4.6 Spellcasting
 * Level 1.2 Conjurations
 * Level 4.5 Ice Magic


You had 3 spell levels left.
You knew the following spells:

 Your Spells              Type           Power        Failure   Level  Hunger
a - Freeze                Ice            ###.         1%          1    None
b - Throw Frost           Conj/Ice       ###...       5%          2    #......
c - Ozocubu's Armour      Chrm/Ice       ##......     13%         3    ##.....
d - Throw Icicle          Conj/Ice       ###.....     34%         4    ####...

Your spell library contained the following spells:

 Spells                   Type           Power        Failure   Level  Hunger
 Summon Ice Beast         Ice/Summ       ##......     41%         4    ####...


Dungeon Overview and Level Annotations

Branches:
Dungeon (3/15)

Altars:


Message History

Aiming: Freeze (safe; 1% risk of failure)
Press: ? - help, Shift-Dir - straight line, f/p - jackal
Aim: a jackal (severely wounded)
You freeze the jackal!
You kill the jackal!
The bat closely misses you.
A gnoll comes into view. It is wielding a +0 flail.
Casting: Freeze (safe; 1% risk of failure)
Confirm with . or Enter, or press ? or * to list all spells.
Aiming: Freeze (safe; 1% risk of failure)
Press: ? - help, Shift-Dir - straight line, f - bat
Aim: a bat You freeze the bat!
You kill the bat!
You have reached level 5!
The gnoll shouts!
You see here a rat corpse.
There is a large open door here.
The gnoll hits you from afar with a +0 spear.
You die...

#...#♣♣.♣♣####.# ####..##
#................ #...#.#
#......#.#####.#.#######.#...##
##.###.#.# #.#.........†..... #
#.#.# #.#........###....
.###.#.#####.#......#.#)#.#..
..............#........#.#g...
#####.#)###...+....#.........#
#.#.# ###@#.......##.##... #
#+#####''.$.###.#..†#.##
#.....g#.#$..†.$††...
#......).###.#.b.#.##
#........†.g†##†##...
#.........#.........#
########......#.#....
#....#.#(#%#.# ###....### ..#


You could see a gnoll.

Vanquished Creatures
  A hound (D:2)
  2 adders (D:2)
  3 dart slugs (D:2)
  2 worms
  A leopard gecko (D:2)
  2 orcs (D:3)
  2 giant cockroaches
  4 goblins
  15 hobgoblins
  6 jackals
  9 kobolds
  2 quokkas (D:2)
  6 bats
  5 frilled lizards
  13 rats
73 creatures vanquished.

Notes
Turn   | Place    | Note
-------+----------+-------------------------------------------
     0 | D:1      | Bronimir the Deep Elf Ice Elementalist began the quest for
                  | the Orb.
     0 | D:1      | Reached XP level 1. HP: 10/10 MP: 6/6
   256 | D:1      | Reached XP level 2. HP: 15/15 MP: 2/8
   546 | D:1      | Learned a level 2 spell: Throw Frost
  1072 | D:2      | Reached XP level 3. HP: 12/19 MP: 0/10
  1184 | D:2      | Learned a level 3 spell: Ozocubu's Armour
  1590 | D:2      | Reached skill level 1 in Armour
  1590 | D:2      | Reached XP level 4. HP: 17/24 MP: 0/12
  1948 | D:2      | Learned a level 4 spell: Throw Icicle
  2852 | D:3      | Reached XP level 5. HP: 4/28 MP: 7/13
  2861 | D:3      | Slain by a gnoll

Levels and vault maps discovered:
D:1:      dpeg_arrival_another_circle, layout_basic
D:2:      kennysheep_six_static_rooms, layout_basic, first_ration
D:3:      layout_basic, serial_forest, infiniplex_forest_clump_long,
          infiniplex_forest_fountain, infiniplex_forest_clump_tiny,
          infiniplex_forest_straight_2, infiniplex_forest_lined_room_2,
          infiniplex_forest_lined_room_2, infiniplex_forest_clump_small,
          infiniplex_forest_fountain, infiniplex_forest_fountain,
          minmay_fractal_squares_5

Skill      XL: |  1  2  3  4 |
---------------+-------------+-----
Ice Magic      | 4 |  4.5
Spellcasting   | 4 |  4.6
Armour         | 1 |  1.5
Dodging        | 3 |  3.0
Stealth        | |  2.4
Conjurations   | |  1.2

Action                   |  1- 3 |  4- 6 || total
-------------------------+-------+-------++-------
Melee: Club              |     4 |       ||     4
       Quarterstaff      |       |    40 ||    40
       Dagger            |       |    12 ||    12
 Cast: Freeze            |    28 |    13 ||    41
       Throw Frost       |    35 |    18 ||    53
  Eat: Chunk             |     2 |     4 ||     6
Armor: Robe              |     5 |    21 ||    26
Dodge: Dodged            |    14 |    67 ||    81
